 Dungeon Crawl Stone Soup version 0.21.1-1-g345015f (webtiles) character file.

536 vatarom the Bolt Thrower (level 7, -1/55 HPs)
             Began as a Formicid Hunter on May 4, 2018.
             Slain by emiel's ghost (11 damage)
             ... on level 6 of the Dungeon.
             The game lasted 00:04:33 (1976 turns).

vatarom the Bolt Thrower (Formicid Hunter)          Turns: 1976, Time: 00:04:34

Health: -1/55      AC:  3    Str: 18    XL:     7   Next: 50%
Magic:  7/7        EV: 12    Int: 11    God:
Gold:   165        SH:  0    Dex: 11    Spells: 6/6 levels left

rFire    . . .     SeeInvis +   a - +2 hand crossbow
rCold    . . .     Gourm    .   (no shield)
rNeg     . . .     Faith    .   c - +0 leather armour
rPois    +         Spirit   .   (helmet unavailable)
rElec    .         Reflect  .   (no cloak)
rCorr    .         Harm     .   (no gloves)
MR       .....                  (no boots)
Stlth    +.........             (no amulet)
HPRegen  0.18/turn              n - ring of teleportation (curse)
MPRegen  0.10/turn              o - ring of poison resistance

@: no status effects
A: permanent stasis, dig shafts and tunnels, four strong arms, antennae 3
a: Dig, Shaft Self


You were on level 6 of the Dungeon.
You were not hungry.

You visited 1 branch of the dungeon, and saw 4 of its levels.

You collected 165 gold pieces.

Inventory:

Hand Weapons
 a - a +2 hand crossbow (weapon)
 b - a +0 short sword
Missiles
 d - 38 bolts (quivered)
Armour
 c - a +0 leather armour (worn)
 j - a +0 shield
Jewellery
 l - an uncursed ring of positive energy
 n - a cursed ring of teleportation (left hand)
 o - a ring of poison resistance (right hand)
Scrolls
 h - a scroll of noise {unknown}
 p - a scroll of remove curse {unknown}
Potions
 e - a potion of curing
 g - a potion of haste
 i - a potion of heal wounds {unknown}
 k - a potion of agility {unknown}
 m - a potion of mutation {unknown}
 q - a potion of invisibility {unknown}
 r - a potion of berserk rage {unknown}
Comestibles
 f - 9 rations


   Skills:
 + Level 4.7 Fighting
 * Level 6.9 Crossbows
 - Level 1.7 Dodging
 - Level 1.2 Stealth
 + Level 3.1 Shields


You had 6 spell levels left.
You didn't know any spells.

Dungeon Overview and Level Annotations

Branches:
Dungeon (3/15)

Altars:
Xom

Annotations:
D:6 emiel's ghost, amateur FeWr


Innate Abilities, Weirdness & Mutations

You cannot be hasted, slowed, berserked, paralysed or teleported.
You can dig through walls and to a lower floor.
Your four strong arms can wield two-handed weapons with a shield.
You have a pair of large antennae on your head. (SInv)


Message History

Press: ? - help, Shift-Dir - straight line, f/p - emiel's ghost
Aim: emiel's ghost (severely damaged)
You shoot a bolt. The bolt barely misses emiel's ghost.
Emiel's ghost hits you!
* * * LOW HITPOINT WARNING * * *
Emiel's ghost closely misses you.
Okay, then.
You see here a bullfrog corpse.
You see here a bolt.
You see here a bolt.
Press: ? - help, v - describe, . - travel
Here: emiel's ghost (heavily damaged)
The floor.
Firing (i - inventory):
d - 39 bolts (quivered)
Press: ? - help, Shift-Dir - straight line, f/p - emiel's ghost
Aim: emiel's ghost (heavily damaged)
You shoot a bolt. The bolt misses emiel's ghost.
The bolt hits the necrophage!
The necrophage is moderately damaged.
Emiel's ghost whispers, "Trust me.
Just give in."
Emiel's ghost hits you!
You die...

.(...n. ...###.####.....# #.
(..... .. #..........# #. (.....
... #..###.....# #. #...#.##.##
#...##.....# #. # #...#......
###.#........# #.
#.#...#.#...###...#...####.# #.
#.#(.(#.#.n.....#####.####.# #.
#.(.....#...###...#.....##.# ##
####...####.....@#.#........#####
.........##.####W#....##..#......
##..#.##.##.####.####.......#####
#....(#..†(.(.##.# #.##....#
.........##(#.##n# #. ####.#
#...####.##.#.##(# #. #.# #...
..##......# #. ..# ....
#######.#### ### #.. #.#


You could see a necrophage and emiel's ghost.

Vanquished Creatures
  Grinder (D:6)
  A water moccasin (D:6)
  A bullfrog (D:6)
  A crimson imp (D:6)
  4 gnolls (D:3)
  3 adders
  3 dart slugs
  3 orcs (D:6)
  4 bats (D:1)
  A giant cockroach (D:3)
  7 goblins
  10 hobgoblins
  A quokka (D:2)
  4 kobolds
  7 rats
51 creatures vanquished.

Notes
Turn   | Place    | Note
-------+----------+-------------------------------------------
     0 | D:1      | vatarom the Formicid Hunter began the quest for the Orb.
     0 | D:1      | Reached XP level 1. HP: 16/16 MP: 1/1
   158 | D:1      | Reached XP level 2. HP: 23/23 MP: 2/2
   507 | D:1      | Reached XP level 3. HP: 28/28 MP: 3/3
   934 | D:2      | Reached XP level 4. HP: 31/35 MP: 4/4
   995 | D:2      | Reached skill level 5 in Crossbows
  1179 | D:3      | Reached XP level 5. HP: 24/41 MP: 5/5
  1554 | D:3      | Found a shimmering altar of Xom.
  1555 | D:3      | Found a shimmering altar of Xom.
  1555 | D:3      | Found a shimmering altar of Xom.
  1558 | D:3      | You fall through a shaft for 3 floors!
  1605 | D:6      | Noticed a water moccasin
  1613 | D:6      | Killed a water moccasin
  1613 | D:6      | Reached skill level 6 in Crossbows
  1613 | D:6      | Reached skill level 1 in Shields
  1613 | D:6      | Reached XP level 6. HP: 15/48 MP: 6/6
  1919 | D:6      | Noticed Grinder
  1934 | D:6      | Killed Grinder
  1934 | D:6      | Reached XP level 7. HP: 45/55 MP: 7/7
  1944 | D:6      | Noticed emiel's ghost (amateur FeWr)
  1976 | D:6      | Slain by emiel's ghost

Skill      XL: |  1  2  3  4  5  6 |
---------------+-------------------+-----
Fighting       | 3 4 |  4.7
Crossbows      | 5 6 |  6.9
Shields        | 1 3 |  3.1
Dodging        | |  1.7
Stealth        | |  1.2

Action                   |  1- 3 |  4- 6 |  7- 9 || total
-------------------------+-------+-------+-------++-------
 Fire: Hand crossbow     |    65 |    70 |    11 ||   146
  Use: Scroll            |     1 |     4 |       ||     5
       Potion            |       |       |     1 ||     1
  Eat: Chunk             |       |     1 |       ||     1
       Ration            |       |     1 |       ||     1
Armor: Leather armour    |     1 |     4 |       ||     5
Dodge: Dodged            |    18 |    17 |     2 ||    37
